 Dungeon Crawl Stone Soup version 0.30-a0-718-geaa24f58ff (webtiles) character file.

Game seed: 7654847483632723930

28 Leeroy the Slasher (level 3, 0/20 (21) HPs)
             Began as a Tengu Warper on Jan 25, 2023.
             Slain by a gnoll
             ... wielding a +2 flail of draining
              (5 damage)
             ... on level 1 of the Dungeon.
             The game lasted 00:00:55 (996 turns).

Leeroy the Slasher (Tengu Warper)                    Turns: 996, Time: 00:00:56

HP:   0/20 (21)     AC:  4    Str: 17    XL:     3   Next: 14%
MP:   7/7           EV: 12    Int: 13    God:
Gold: 59            SH:  0    Dex: 15    Spells: 6/6 levels left

rFire   . . .      SeeInvis .    a - +0 falchion
rCold   . . .      Faith    .    (no shield)
rNeg    . . .      Spirit   .    b - +0 leather armour
rPois   .          Reflect  .    (helmet restricted)
rElec   .          Harm     .    (no cloak)
rCorr   .          Rampage  .    e - +0 pair of gloves
Will    .....                    (boots unavailable)
Stlth   +                        (no amulet)
HPRegen 0.23/turn                j - +6 ring of strength
MPRegen 0.10/turn                (no ring)

@: lightly drained
A: beak, talons 3
a: no special abilities


You were on level 1 of the Dungeon.
You visited 1 branch of the dungeon, and saw 2 of its levels.

You collected 59 gold pieces.

Inventory:

Hand Weapons
 a - a +0 falchion (weapon)
Missiles
 d - 7 boomerangs of dispersal (quivered)
Armour
 b - a +0 leather armour (worn)
 e - a +0 pair of gloves (worn)
Jewellery
 j - a +6 ring of strength (left hand)
Scrolls
 c - 2 scrolls of blinking
 f - a scroll of acquirement {unknown}
 i - a scroll of identify {unknown}
 l - a scroll of poison {unknown}
Potions
 g - 2 potions of curing {unknown}
 h - a potion of mutation {unknown}
 k - 3 potions of ambrosia {unknown}
 m - a potion of cancellation {unknown}
 n - a potion of heal wounds {unknown}


   Skills:
 - Level 2.0 Fighting
 + Level 3.9 Long Blades
 - Level 1.0 Throwing
 - Level 1.1 Armour
 - Level 2.1 Dodging
 - Level 2.0 Spellcasting
 - Level 2.4 Translocations


You had 6 spell levels left.
You didn't know any spells.
Your spell library contained the following spells:

 Spells                   Type           Power      Damage    Failure   Level
 Blink                    Tloc           14%        N/A       17%         2
 Lesser Beckoning         Tloc           14%        N/A       17%         2
 Teleport Other           Tloc           7%         N/A       34%         3
 Vhi's Electric Charge    Tloc/Air       8%         N/A       50%         3
 Manifold Assault         Tloc           7%         N/A       75%         4


Dungeon Overview and Level Annotations

Branches:
Dungeon (2/15)

Altars:

Shops:
D:1 *

Annotations:
D:1 2 runed translucent doors


Innate Abilities, Weirdness & Mutations

You have a beak for a mouth.
You have claws for feet.


Message History

No target in view!
No target in view!
n - a glowing sapphire potion You see here a +0 robe.
You see here a +0 robe.
The orc shouts! x2; You hear a shout! x3
The orc shouts!
The orc shouts!
You hear a shout!
The orc shouts!
The orc shouts!
The orc priest shouts!
The orc priest shouts!
Could not explore, unopened runed door.
No reachable target in view!
You see here a +0 dagger.
There is a stone staircase leading down here.
You climb downwards.
The gnoll shouts! x3; You hear an angry hiss. x2
Found a steel ring.
There is a stone staircase leading up here.
There are monsters nearby!
There are monsters nearby!
An adder comes into view.
The gnoll barely misses you. x2; The gnoll completely misses you.
A ball python comes into view.
The gnoll hits you from afar with a +0 spear.
There is a stone staircase leading up here.
The rat barely misses you.
The gnoll hits you from afar with a +0 spear.
The gnoll hits you with a +2 flail of draining!
* * * LOW HITPOINT WARNING * * *
You feel drained. The gnoll barely misses you.
You climb upwards.
Level annotation: 2 runed translucent doors
There is a stone staircase leading down here.
You are too injured to fight recklessly!
You are too injured to fight recklessly!
You are too injured to fight recklessly!
You are too injured to fight recklessly!
The gnoll attacks as you move away!
The gnoll hits you with a +2 flail of draining.
You die...

..............#.................#
...########...#............####.#
..## ♣.♣.#.).#...........†.....#
.#####o...#...#.##...........####
.8.#.#oo..#.....##.######........
.....+ooo.#...#.#......##..######
)...)+ooo.#...#........+.........
.8.#.#o8..#...#..g.....##########
.#####oo..#...#r@......'.........
..## ♣.♣.#...#.#......##########
♣..########...#.........#
..............###.......#
♣############## #.......#
#.......# #### #.......# #...
#.......# #.## #######.# #.#


You could see a gnoll and a rat.

Vanquished Creatures
  2 dart slugs (D:1)
  5 bats (D:1)
  2 endoplasms (D:1)
  4 goblins (D:1)
  A jackal (D:1)
  2 quokkas (D:1)
  2 ball pythons (D:1)
  3 frilled lizards (D:1)
  3 rats (D:1)
24 creatures vanquished.

Notes
Turn   | Place    | Note
-------+----------+-------------------------------------------
     0 | D:1      | Leeroy the Tengu Warper began the quest for the Orb.
     0 | D:1      | Reached XP level 1. HP: 12/12 MP: 4/4
    51 | D:1      | Found a large runed translucent door.
    51 | D:1      | Found a large runed translucent door.
    51 | D:1      | Noticed an orc priest
    54 | D:1      | Noticed an orc warrior
    71 | D:1      | Noticed an orc priest
   100 | D:1      | Reached skill level 3 in Long Blades
   100 | D:1      | Reached XP level 2. HP: 16/17 MP: 6/6
   322 | D:1      | Found Ifaobu's Assorted Antiques.
   621 | D:1      | Reached XP level 3. HP: 21/21 MP: 7/7
   996 | D:1      | Slain by a gnoll

Illustrated notes

Levels and vault maps discovered:
D:1:      erik_arrival_cave_to_civilisation [erik_arrival_cave_to_temple],
          layout_basic, serial_shops, shop, minmay_quantized
D:2:      minmay_razor_zed, layout_rooms, serial_shops, shop

Skill      XL: |  1 |
---------------+----+-----
Long Blades    | 3 |  3.9
Fighting       | |  2.0
Throwing       | |  1.0
Armour         | |  1.1
Dodging        | |  2.1
Spellcasting   | |  2.0
Translocations | |  2.4

Action                     || total
---------------------------++-------
  Melee: Falchion          ||    61
         Kick              ||    12
         Peck              ||     5
 Armour: Leather armour    ||    17
  Dodge: Dodged            ||    51

Table legend: (Time is in decaauts)
 A = Elapsed time spent in this place.
 B = Non-inter-level travel time spent in this place.
 C = Inter-level travel time spent in this place.
 D = Time resting spent in this place.
 E = Time spent auto-exploring this place.
 F = Levels seen in this place.
 G = Mean time per level.
                   A        B        C        D        E       F      G
               +--------+--------+--------+--------+--------+-----+--------+
         Total |   1004 |    981 |     23 |      0 |    825 |   2 |  502.0 |
       Dungeon |   1004 |    981 |     23 |      0 |    825 |   2 |  502.0 |
               +--------+--------+--------+--------+--------+-----+--------+

Top non-repeatable levels by time:
     D:1: 1001 daAuts
     D:2: 3 daAuts
